 Dungeon Crawl Stone Soup version 0.29.1-1-gd02db6906a (webtiles) character file.

Game seed: 15242925404796185823

210524 LustLizard the Fencer (level 18, -6/151 HPs)
             Began as a Demonspawn Fighter on Oct 4, 2022.
             Was the Champion of Okawaru.
             Mangled by a naga warrior
             ... wielding a +0 glaive
              (21 damage)
             ... on level 4 of the Snake Pit.
             The game lasted 01:32:26 (45467 turns).

LustLizard the Fencer (Demonspawn Fighter)         Turns: 45467, Time: 01:32:26

Health: -6/151     AC: 34    Str: 25    XL:     18   Next: 18%
Magic:  0/28       EV: 16    Int: 17    God:    Okawaru [******]
Gold:   1108       SH: 10    Dex: 23    Spells: 17/17 levels left

rFire   + + .      SeeInvis +   v - +3 double sword "Ilotwida" {flame, rPois Will+}
rCold   + . .      Faith    .   f - +2 buckler of Jupo {rElec rPois rF+}
rNeg    . . .      Spirit   +   p - +9 scales of the Dragon King {rPois rF+ rC+ Will+}
rPois   +          Reflect  .   g - +1 helmet {SInv}
rElec   +          Harm     .   (cloak unavailable)
rCorr   .          Rampage  .   F - +3 pair of gloves of Noon {rPois Slay+3}
Will    +++..                   (no boots)
Stlth   ..........              V - amulet of guardian spirit
HPRegen 0.35/turn               s - ring "Tanluy" {Str+6 Int+2 SInv}
MPRegen 0.21/turn               J - ring "Ceosih" {+Blink rPois Int+4 Dex+6}

@: mighty, agile, about to teleport, constricted, studying Armour, repel
missiles
A: repulsion field 3, powered by pain 2, weakness stinger 3
}: 1/15 runes: decaying
a: Renounce Religion, Evoke Blink, Heroism, Finesse, Duel


You were on level 4 of the Snake Pit.
You worshipped Okawaru.
Okawaru was exalted by your worship.
You visited 6 branches of the dungeon, and saw 31 of its levels.
You also visited: Gauntlet.

You collected 3078 gold pieces.
You spent 1970 gold pieces at shops.

Inventory:

Hand Weapons
 c - a +4 triple sword of draining
 v - the +3 double sword "Ilotwida" (weapon) {flame, rPois Will+}
   (Okawaru gifted it to you on level 4 of the Snake Pit)

   It burns those it strikes, dealing additional fire damage.
   Big, fiery blades are also staple armaments of hydra-hunters.
   rPois:     It protects you from poison.
   Will:      It increases your willpower.
 B - the +8 demon blade of Jitow {flame, Int+3}
   (Okawaru gifted it to you on level 5 of the Lair of Beasts)

   It burns those it strikes, dealing additional fire damage.
   Big, fiery blades are also staple armaments of hydra-hunters.
   Int:       It affects your intelligence (+3).
 O - a +9 double sword of protection
Missiles
 W - 2 throwing nets
Armour
 b - a +0 kite shield
 f - the +2 buckler of Jupo (worn) {rElec rPois rF+}
   (Okawaru gifted it to you on level 15 of the Dungeon)

   rF:        It protects you from fire.
   rElec:     It insulates you from electricity.
   rPois:     It protects you from poison.
 g - a +1 helmet of see invisible (worn)
 p - the +9 scales of the Dragon King (worn) {rPois rF+ rC+ Will+}
   (You found it on level 2 of the Swamp)

   rF:        It protects you from fire.
   rC:        It protects you from cold.
   rPois:     It protects you from poison.
   Will:      It increases your willpower.
 y - a +0 helmet
 F - the +3 pair of gloves of Noon (worn) {rPois Slay+3}
   (Okawaru gifted it to you on level 13 of the Dungeon)

   Slay:      It affects your accuracy & damage with ranged weapons and melee
   (+3).
   rPois:     It protects you from poison.
 X - the +0 ring mail of Inquiry {Will+ Regen+}
   (Okawaru gifted it to you on level 1 of the Lair of Beasts)

   Regen:     It increases your rate of health regeneration.
   Will:      It increases your willpower.
 Y - a +3 chain mail of cold resistance
 Z - the +6 chain mail of the First Bones {rF- rN+ Will+}
   (You bought it in a shop on level 2 of the Dungeon)

   rF:        It makes you vulnerable to fire.
   rN:        It protects you from negative energy.
   Will:      It increases your willpower.
Jewellery
 i - a ring of protection from cold
 s - the ring "Tanluy" (left hand) {Str+6 Int+2 SInv}
   (You found it on level 3 of the Lair of Beasts)

   [ring of strength]

   Str:       It affects your strength (+6).
   Int:       It affects your intelligence (+2).
   SInv:      It lets you see invisible.
 G - a ring of resist corrosion
 I - the ring "Asiwebb" {rN+ SInv}
   (You took it off a gnoll on level 7 of the Dungeon)

   [ring of see invisible]

   rN:        It protects you from negative energy.
   SInv:      It lets you see invisible.
 J - the ring "Ceosih" (right hand) {+Blink rPois Int+4 Dex+6}
   (You found it on level 2 of the Swamp)

   [ring of dexterity]

   Int:       It affects your intelligence (+4).
   Dex:       It affects your dexterity (+6).
   rPois:     It protects you from poison.
   +Blink:    It lets you blink.
 Q - a ring of flight
 V - an amulet of guardian spirit (around neck)
Wands
 a - a wand of mindburst (10)
 t - a wand of quicksilver (11)
 E - a wand of flame (45) (quivered)
 H - a wand of polymorph (12)
 T - a wand of roots (2)
Scrolls
 k - 9 scrolls of fog
 m - 10 scrolls of fear
 q - 12 scrolls of teleportation
 w - 5 scrolls of magic mapping
 C - 8 scrolls of identify
 D - 2 scrolls of silence
 P - 3 scrolls of torment
Potions
 d - 3 potions of might
 e - 2 potions of resistance
 h - a potion of magic
 j - 2 potions of invisibility
 l - 5 potions of lignification
 n - 6 potions of haste
 o - 5 potions of flight
 u - a potion of ambrosia
 x - 4 potions of attraction
 z - 6 potions of brilliance
 A - 6 potions of mutation
 K - 7 potions of curing
 M - 2 potions of cancellation
 N - 2 potions of berserk rage
Miscellaneous
 r - a tin of tremorstones (2/2)


   Skills:
 + Level 16.0 Fighting
 + Level 16.7 Long Blades
 * Level 12.2 Armour
 - Level 10.0 Dodging
 + Level 11.6 Shields
 - Level 14.0 Invocations
 + Level 9.4 Evocations


You had 17 spell levels left.
You didn't know any spells.
Your spell library contained the following spells:

 Spells                   Type           Power      Damage    Failure   Level
 Foxfire                  Conj/Fire      0%         2x1d4     100%        1
 Magic Dart               Conj           0%         1d3       100%        1
 Necrotise                Necr           0%         1d4       100%        1
 Poisonous Vapours        Pois/Air       0%         N/A       100%        2
 Conjure Flame            Conj/Fire      0%         6-21      100%        3
 Dazzling Flash           Conj/Hex       0%         N/A       100%        3
 Ignite Poison            Fire/Tmut/Pois 0%         N/A       100%        3
 Mephitic Cloud           Conj/Pois/Air  0%         N/A       100%        3
 Teleport Other           Tloc           0%         N/A       100%        3
 Vampiric Draining        Necr           0%         2d6       100%        3
 Corpse Rot               Necr/Pois/Air  0%         N/A       100%        4
 Iskenderun's Mystic Bla  Conj/Tloc      0%         2d3       100%        4
 Sticky Flame             Conj/Fire      0%         2d3       100%        4
 Agony                    Necr           0%         N/A       100%        5
 Alistair's Intoxication  Tmut/Pois      0%         N/A       100%        5
 Borgnjor's Vile Clutch   Necr/Erth      0%         N/A       100%        5
 Freezing Cloud           Conj/Ice/Air   0%         6-21      100%        5
 Iskenderun's Battlesphe  Conj           0%         2d6       100%        5
 Dispersal                Tloc           0%         N/A       100%        6
 Eringya's Noxious Bog    Tmut/Pois      0%         N/A       100%        6
 Iron Shot                Conj/Erth      0%         9d1       100%        6
 Starburst                Conj/Fire      0%         6d3       100%        6
 Orb of Destruction       Conj           0%         9d5       100%        7
 Polar Vortex             Ice            0%         N/A       100%        9
 Summon Forest            Summ/Tloc      Unusable   N/A       N/A         5
 Simulacrum               Ice/Necr       Unusable   N/A       N/A         6
 Spellforged Servitor     Conj/Summ      Unusable   N/A       N/A         7
 Summon Hydra             Summ           Unusable   N/A       N/A         7

Dungeon Overview and Level Annotations

Branches:
Dungeon (15/15)            Temple (1/1) D:7            Lair (5/5) D:11
  Swamp (4/4) Lair:3        Snake (4/4) Lair:2        Slime (0/5) Lair:4
    Orc (2/2) D:10            Elf (0/3) Orc:2        Vaults (0/5) D:13
 Depths (0/4) D:15        Gauntlet (visited)

Altars:
Ashenzari
Cheibriados
Dithmenos
Fedhas
Gozag
Hepliaklqana
Kikubaaqudgha
Makhleb
Okawaru
Ru
Xom
Yredelemnul

Shops:
D:2 *   D:5 ?   D:9 *   D:12 ?   Orc:2 *[([!   Snake:3 (::

Annotations:
D:10 exclusion: orange crystal statue
D:14 3 runed translucent doors, Jogov's ghost, journeyman DgHW
Swamp:1 2 transporters, exclusion: obsidian statue
Snake:1 3 runed translucent doors
Snake:2 6 transporters


Innate Abilities, Weirdness & Mutations

You are surrounded by a strong repulsion field. (EV +4, RMsl)
You sometimes gain power by taking damage.
You have a sharp stinger which inflicts weakening toxins.


Message History

You block the naga warrior's attack.
The naga warrior hits you with a +0 glaive!!!
The nagaraja closely misses you.
The nagaraja gestures at you while chanting.
You resist with almost no effort. The nagaraja constricts you.
As you read the scroll of teleportation, it crumbles to dust.
You feel strangely unstable.
You feel sick.
You are no longer poisoned.
You block the nagaraja's attack. The naga warrior closely misses you.
The naga warrior barely misses you. The nagaraja misses you.
The nagaraja constricts you.
You hit the naga warrior but do no damage.
The nagaraja hits you from afar with a +0 spear!!
* * * LOW HITPOINT WARNING * * *
You focus on the pain.
You feel your power returning. The naga warrior spits poison at you.
The splash of poison hits you but does no damage.
You are poisoned.
You resist. You block the naga warrior's attack.
You feel much better.
You feel very sick.
The nagaraja hits you from afar with a +0 spear!!
* * * LOW HITPOINT WARNING * * *
You focus on the pain.
You feel very mighty all of a sudden. The nagaraja spits poison at you.
The splash of poison is repelled.
The nagaraja constricts you.
The nagaraja hits you but does no damage.
The naga warrior closely misses you. You block the naga warrior's attack.
You feel better.
The nagaraja points at you and mumbles some strange words.
The poison arrow is repelled.
The nagaraja constricts you.
The nagaraja hits you from afar with a +0 spear!!
* * * LOW HITPOINT WARNING * * *
The naga warrior hits you with a +0 short sword!!
* * * LOW HITPOINT WARNING * * *
You focus on the pain.
You feel mightier all of a sudden.
The naga warrior hits you with a +0 glaive!!
You die...

##.............#....#
##.......#########...##
#......###......###...#
##...####....).)...###.##
##....##)...).).......##.#
###....##.....######.....#.##
##.....##....###....###...##.##
.....####(..##.NN.....##...#..##
.)######...##..)@......#.[.#...##
..##...#...#...N###....##..##....
.....(.#...#...N,,##....#...#....
.......#.))#....,,,##...#)..#....
##.....#...#....,,,*#...#...#....
###....#...##...,,,##)..#...##...
###..##...#...,,##)...#)..##... #
#####...###.,##....##.).#.... #
#.....####)...##...##....


You could see 2 nagarajas and 2 naga warriors.

Vanquished Creatures
  Nikola (Arena)
  Mlioglotl (Arena)
  Frances (Lair:2)
  Kirke (Swamp:1)
  Gastronok (D:8)
  A thorn hunter (Swamp:1)
  13 nagarajas
  Aizul (Arena)
  An orc warlord (Orc:2)
  Louise (Arena)
  An entropy weaver (Gauntlet)
  An eleionoma (Swamp:4)
  4 bunyips
  A dire elephant (Lair:5)
  Josephine (D:14)
  3 fire dragons (Swamp:4)
  A shambling mangrove (Swamp:3)
  Harold (Lair:1)
  3 vault guards (D:13)
  25 hydras
  2 boulder beetles
  A salamander tyrant (Snake:2)
  3 catoblepae (Lair:5)
  Erica (Lair:1)
  7 centaur warriors
  A ghost crab (Swamp:3)
  7 anacondas
  10 alligators
  19 naga warriors
  A two-headed ogre (D:8)
  3 death yaks
  3 tengu warriors
  3 shock serpents
  17 naga sharpshooters
  2 orc high priests (Orc:2)
  Sonja (Lair:1)
  Amaemon (Lair:1)
  3 salamander mystics
  Nergalle (D:12)
  3 skeletal warriors
  2 sea snakes (Snake:2)
  A death drake (Swamp:4)
  2 spriggan druids
  4 swamp dragons
  4 naga ritualists
  3 goliath frogs
  A wizard (D:15)
  A necromancer (D:15)
  5 bog bodies
  Pikel (D:7)
  An orc knight (Orc:2)
  3 lindwurms
  2 wolf spiders
  3 deep elf pyromancers
  4 mana vipers
  An orc sorcerer (D:15)
  3 cyclopes
  20 ugly things
  A will-o-the-wisp (Swamp:1)
  14 salamanders
  5 manticores
  A centaur zombie (D:15)
  7 guardian serpents
  An apocalypse crab (Gauntlet)
  19 naga magi
  28 black mambas
  2 torpor snails (Lair:3)
  An orange demon (Lair:1)
  6 elephants (Lair:1)
  2 centaur skeletons (D:15)
  A yaktaur (D:15)
  11 cane toads
  2 unseen horrors
  5 rime drakes
  5 kobold demonologists
  17 komodo dragons
  A komodo dragon (shapeshifter) (D:15)
  2 ice devils (D:12)
  14 hornets
  6 polar bears
  5 tyrant leeches
  6 trolls
  5 slime creatures (D:12)
  A bloated husk (Swamp:1)
  5 blink frogs
  6 dream sheep (Lair:5)
  2 jumping spiders (Gauntlet)
  2 centaur simulacra
  A water elemental (D:10)
  9 spriggans
  56 yaks
  5 wraiths
  A spriggan (shapeshifter) (D:14)
  3 wyverns
  A vampire (D:10)
  3 humans (Swamp:1)
  3 basilisks
  3 fire bats (Swamp:4)
  A hog (Swamp:1)
  12 vampire mosquitoes
  5 steam dragons
  A warg (Orc:2)
  18 swamp worms
  2 acid dragons
  49 nagas
  15 water moccasins
  A meliai simulacrum (D:15)
  24 orc warriors
  10 swamp drakes
  3 ice beasts
  A black bear (shapeshifter) (D:14)
  A sky beast (D:8)
  14 centaurs
  17 wolves
  9 ogres
  A phantom (D:5)
  3 kobold brigands
  9 bullfrogs
  4 necrophages
  A gnoll sergeant (D:12)
  3 scorpions
  3 wights (D:10)
  8 killer bees
  10 electric eels
  7 hounds
  15 orc priests
  A jelly (D:5)
  Crazy Yiuf (D:7)
  2 iguanas
  A hell rat (Lair:5)
  27 orc wizards
  17 gnolls
  5 adders
  3 shadow imps
  8 white imps
  3 ufetubi
  3 worms
  3 dart slugs
  75 orcs
  3 bats
  6 endoplasms
  3 giant cockroaches
  4 goblins
  9 hobgoblins
  4 jackals (D:3)
  22 kobolds
  4 quokkas
  5 ball pythons
  2 frilled lizards
  4 rats
943 creatures vanquished.

Vanquished Creatures (others)
  A lindwurm (Swamp:4)
  2 bloated husks
  A spriggan (Swamp:2)
  A hog (Swamp:1)
  A steam dragon (Swamp:4)
  A swamp worm (Swamp:2)
  A kobold (D:7)
  A demonic plant (Gauntlet)
  32 fungi
  139 plants
180 creatures vanquished.

Grand Total: 1123 creatures vanquished

Notes
Turn   | Place    | Note
-------+----------+-------------------------------------------
     0 | D:1      | LustLizard the Demonspawn Fighter began the quest for the
                  | Orb.
     0 | D:1      | Reached XP level 1. HP: 18/18 MP: 1/1
   400 | D:1      | Gained mutation: You have a small tail. [demonic ancestry]
   400 | D:1      | Reached XP level 2. HP: 17/24 MP: 2/2
  1237 | D:2      | Reached XP level 3. HP: 29/29 MP: 3/3
  1347 | D:2      | Found Zegegecw's Assorted Antiques.
  1362 | D:2      | Bought a scroll labelled HIATUM JUTALL for 30 gold pieces
  1362 | D:2      | Bought a scroll labelled HIATUM JUTALL for 30 gold pieces
  1362 | D:2      | Bought a smoky inky potion for 27 gold pieces
  1790 | D:2      | Found a faded altar of an unknown god.
  2169 | D:3      | Reached XP level 4. HP: 33/35 MP: 4/4
  3237 | D:2      | Bought a scroll labelled WOVEHO QIRIFAM for 30 gold pieces
  3237 | D:2      | Bought a scroll labelled ZERUEL WITHRU for 30 gold pieces
  3406 | D:4      | Reached XP level 5. HP: 13/42 MP: 5/5
  4095 | D:4      | Identified the +0 halberd of Wondrous Power {flame, Dex+2}
  4388 | D:4      | Gained mutation: You sometimes gain a little power by
                  | taking damage. [demonic ancestry]
  4388 | D:4      | Reached XP level 6. HP: 45/48 MP: 6/6
  4851 | D:2      | Bought a scroll labelled ZERUEL WITHRU for 30 gold pieces
  4960 | D:5      | Entered Level 5 of the Dungeon
  5388 | D:5      | Gained mutation: You have a tail ending in a sharp stinger.
                  | [demonic ancestry]
  5388 | D:5      | Reached XP level 7. HP: 55/55 MP: 7/7
  5434 | D:5      | Reached skill level 5 in Long Blades
  5696 | D:5      | Found Zenati's Magic Scroll Shop.
  5704 | D:5      | Bought a scroll of identify for 28 gold pieces
  5948 | D:5      | Identified the +6 falchion "Worujanliu" {vorpal, Will+
                  | rCorr SInv}
  6137 | D:5      | Reached skill level 5 in Fighting
  6320 | D:6      | Reached XP level 8. HP: 48/62 MP: 8/8
  6581 | D:6      | Reached skill level 5 in Armour
  6581 | D:6      | Reached skill level 5 in Shields
  7151 | D:6      | Found a snail-covered altar of Cheibriados.
  7371 | D:7      | Noticed Pikel
  7477 | D:7      | Found a staircase to the Ecumenical Temple.
  7515 | Temple   | Entered the Ecumenical Temple
  7520 | Temple   | Became a worshipper of Warmaster Okawaru
  7628 | D:7      | Gained mutation: You sometimes gain power by taking damage.
                  | [demonic ancestry]
  7628 | D:7      | Reached XP level 9. HP: 65/69 MP: 9/9
  7709 | D:7      | Identified the ring "Asiwebb" {rN+ SInv}
  7813 | D:7      | Killed Pikel
  7813 | D:7      | Reached * piety under Okawaru
  8343 | D:7      | Found a runed translucent door.
  8344 | D:7      | Noticed Crazy Yiuf
  8605 | D:7      | Killed Crazy Yiuf
  8695 | D:8      | Noticed Gastronok
  8707 | D:8      | Killed Gastronok
  8707 | D:8      | Reached ** piety under Okawaru
  8761 | D:8      | Reached XP level 10. HP: 79/79 MP: 10/10
  8901 | D:8      | Noticed a two-headed ogre
  8910 | D:8      | Killed a two-headed ogre
  9062 | D:8      | Reached *** piety under Okawaru
  9063 | D:8      | Reached skill level 10 in Long Blades
  9143 | D:8      | Found the +15 Maxwell's patent armour {-Cast -Tele rElec
                  | Will+ rCorr}
 10085 | D:9      | Found Nell's General Store.
 10094 | D:9      | Bought a scroll of identify for 28 gold pieces
 10106 | D:9      | Gained mutation: You are surrounded by a mild repulsion
                  | field. (EV +2) [demonic ancestry]
 10106 | D:9      | Reached XP level 11. HP: 90/90 MP: 11/11
 10125 | D:9      | Reached **** piety under Okawaru
 10513 | D:9      | Reached skill level 10 in Fighting
 10722 | D:10     | Entered Level 10 of the Dungeon
 11179 | D:10     | Found a staircase to the Orcish Mines.
 11196 | D:10     | Noticed an orange crystal statue
 11969 | D:11     | Noticed a boulder beetle
 11970 | D:11     | Noticed a sun demon
 11985 | D:11     | Noticed a sixfirhy
 12707 | D:11     | Noticed a skeletal warrior
 12707 | D:11     | Found a blossoming altar of Fedhas.
 12709 | D:11     | Noticed a skeletal warrior
 12710 | D:11     | Noticed a skeletal warrior
 12731 | D:10     | Killed a skeletal warrior
 13423 | D:11     | Killed a boulder beetle
 13424 | D:11     | Reached XP level 12. HP: 92/99 MP: 12/12
 13475 | D:11     | Reached ***** piety under Okawaru
 13978 | D:11     | You fall into a shaft and drop 1 floor!
 14006 | D:12     | Noticed a centaur warrior
 14019 | D:12     | Killed a centaur warrior
 14047 | D:12     | Noticed a death yak
 14068 | D:12     | Killed a death yak
 14068 | D:12     | Received a gift from Okawaru
 14091 | D:12     | Noticed Nergalle
 14151 | D:12     | Killed Nergalle
 14159 | D:12     | Identified the amulet "Ufryr" {Spirit +Blink rCorr Str-5}
 14274 | D:12     | Found Zouzxao's Magic Scroll Shop.
 14292 | D:12     | Received a gift from Okawaru
 14305 | D:12     | Bought a scroll of identify for 30 gold pieces
 14305 | D:12     | Bought a scroll of blinking for 112 gold pieces
 14305 | D:12     | Bought a scroll of identify for 30 gold pieces
 15086 | D:11     | Found a staircase to the Lair.
 15575 | D:11     | Reached skill level 15 in Long Blades
 15722 | Lair:1   | Entered Level 1 of the Lair of Beasts
 16050 | Lair:1   | Noticed Erica
 16050 | Lair:1   | Noticed Harold
 16082 | Lair:1   | Killed Erica
 16150 | Lair:1   | Noticed Sonja
 16179 | Lair:1   | Killed Sonja
 16273 | Lair:1   | Killed Harold
 16273 | Lair:1   | Reached ****** piety under Okawaru
 16274 | Lair:1   | Gained mutation: You are surrounded by a moderate repulsion
                  | field. (EV +3) [demonic ancestry]
 16274 | Lair:1   | Reached XP level 13. HP: 48/108 MP: 13/13
 16492 | Lair:1   | You fall into a shaft and drop 1 floor!
 16572 | Lair:2   | Found a gate leading to a gauntlet.
 16592 | Gauntlet | Entered a Gauntlet
 16592 | Gauntlet | Found a transporter.
 16601 | Gauntlet | Found a transporter.
 16602 | Gauntlet | Found a transporter.
 16606 | Gauntlet | Found a transporter.
 16607 | Gauntlet | Found a transporter.
 16608 | Gauntlet | Found a transporter.
 16608 | Gauntlet | Found a large runed translucent door.
 16609 | Gauntlet | Found a large runed translucent door.
 16610 | Gauntlet | Found a large runed translucent door.
 16610 | Gauntlet | Found a large runed translucent door.
 16610 | Gauntlet | Found a runed translucent door.
 16611 | Gauntlet | Found a large runed translucent door.
 16612 | Gauntlet | Found a large runed translucent door.
 16615 | Gauntlet | Found a large runed translucent door.
 16615 | Gauntlet | Found a large runed translucent door.
 16616 | Gauntlet | Found a runed translucent gate.
 16617 | Gauntlet | Noticed an entropy weaver
 16620 | Gauntlet | Found a transporter.
 16637 | Gauntlet | Found a transporter.
 16639 | Gauntlet | Noticed a quicksilver ooze
 16645 | Gauntlet | Found a transporter.
 16645 | Gauntlet | Found a transporter.
 16676 | Gauntlet | Found the +5 sword of Power {vorpal}
 16684 | Gauntlet | Found a transporter.
 16721 | Gauntlet | Found a large runed translucent door.
 16722 | Gauntlet | Found a large runed translucent door.
 16723 | Gauntlet | Found a runed translucent door.
 16724 | Gauntlet | Found a large runed translucent door.
 16725 | Gauntlet | Found a large runed translucent door.
 16725 | Gauntlet | Found a large runed translucent door.
 16726 | Gauntlet | Found a large runed translucent door.
 16726 | Gauntlet | Found a large runed translucent door.
 16726 | Gauntlet | Found a large runed translucent door.
 16733 | Gauntlet | Found a runed translucent gate.
 16733 | Gauntlet | Found a runed translucent gate.
 16735 | Gauntlet | Found a transporter.
 16834 | Gauntlet | Identified the amulet "Ogululoa" {Spirit rC+ MP+9 Dex-5
                  | Slay+2 Stlth+}
 16859 | Gauntlet | Killed an entropy weaver
 16869 | Gauntlet | Identified the +0 cloak "Aruklol" {Rampage rF+++ rCorr
                  | Str-4}
 16972 | Gauntlet | Noticed a minotaur
 17029 | Lair:2   | Found a staircase to the Snake Pit.
 17037 | Lair:2   | Received a gift from Okawaru
 17068 | Lair:2   | Reached skill level 1 in Invocations
 17111 | Lair:2   | Reached skill level 1 in Dodging
 19036 | Lair:1   | Identified the +0 ring mail of Inquiry {Will+ Regen+}
                  | (Okawaru gifted it to you on level 1 of the Lair of Beasts)
 19036 | Lair:1   | Received a gift from Okawaru
 19042 | Lair:1   | Reached skill level 5 in Invocations
 19493 | Lair:1   | Noticed Amaemon
 20110 | Lair:1   | Killed Amaemon
 20506 | D:2      | Bought a jasper-encrusted chain mail for 285 gold pieces
 20506 | D:2      | Identified the +6 chain mail of the First Bones {rF- rN+
                  | Will+} (You bought it in a shop on level 2 of the Dungeon)
 21736 | Lair:3   | Gained mutation: You have a sharp stinger which inflicts
                  | weakening toxins. [demonic ancestry]
 21736 | Lair:3   | Reached XP level 14. HP: 105/116 MP: 19/19
 21788 | Lair:3   | Found a staircase to the Swamp.
 21988 | Lair:3   | Reached skill level 5 in Dodging
 22118 | Lair:3   | Identified the ring "Tanluy" {Str+6 Int+2 SInv}
 22122 | Lair:3   | Identified the +3 leather armour "Ucrahyn" {Rampage}
 22792 | Lair:4   | Found a staircase to the Slime Pits.
 23271 | Lair:4   | Received a gift from Okawaru
 23483 | Lair:5   | Entered Level 5 of the Lair of Beasts
 24227 | Lair:5   | Identified the +8 demon blade of Jitow {flame, Int+3}
                  | (Okawaru gifted it to you on level 5 of the Lair of Beasts)
 24227 | Lair:5   | Received a gift from Okawaru
 25322 | Lair:5   | Reached skill level 10 in Invocations
 25825 | Orc:1    | Entered Level 1 of the Orcish Mines
 25959 | Orc:1    | Received a gift from Okawaru
 26134 | Orc:1    | Reached skill level 1 in Evocations
 26302 | Orc:2    | Entered Level 2 of the Orcish Mines
 26434 | Orc:2    | Found a staircase to the Elven Halls.
 26481 | Orc:2    | Found Tyats's General Store.
 26802 | Orc:2    | Found Zutoron's Armour Boutique.
 27260 | Orc:2    | Noticed an orc warlord
 27836 | Orc:2    | Killed an orc warlord
 27988 | Orc:2    | Found Lyghie's Antique Armour Emporium.
 28069 | Orc:2    | Found Moixkeic's Antique Weapon Shoppe.
 28152 | Orc:2    | Found Nerul's Distillery.
 28665 | D:13     | Reached XP level 15. HP: 115/124 MP: 22/22
 29211 | D:13     | Identified the +3 pair of gloves of Noon {rPois Slay+3}
                  | (Okawaru gifted it to you on level 13 of the Dungeon)
 29211 | D:13     | Received a gift from Okawaru
 29295 | D:13     | Found a gate to the Vaults.
 30500 | D:14     | Found a runed translucent gate.
 30502 | D:14     | Found a runed translucent gate.
 30531 | D:14     | Found a runed translucent gate.
 30531 | D:14     | Noticed a lich
 30532 | D:14     | Found an ancient bone altar of Kikubaaqudgha.
 30532 | D:14     | Noticed a lich
 30532 | D:14     | Noticed Jogov's ghost (journeyman DgHW)
 30532 | D:14     | Noticed a lich
 30532 | D:14     | Noticed a lich
 30703 | D:14     | Noticed Josephine
 30710 | D:14     | Killed Josephine
 31106 | D:15     | Entered Level 15 of the Dungeon
 32151 | D:15     | Identified the +2 buckler of Jupo {rElec rPois rF+}
                  | (Okawaru gifted it to you on level 15 of the Dungeon)
 32151 | D:15     | Received a gift from Okawaru
 32377 | D:15     | Found a staircase to the Depths.
 32671 | D:15     | Identified the +2 short sword of the Egg {drain, rF+ Will+
                  | Str-2 Dex+2}
 32984 | Swamp:1  | Entered Level 1 of the Swamp
 32986 | Swamp:1  | Noticed a thorn hunter
 33014 | Swamp:1  | Noticed Kirke
 33030 | Swamp:1  | Killed Kirke
 33155 | Swamp:1  | Noticed a thorn hunter
 33179 | Swamp:1  | Killed a thorn hunter
 33596 | Swamp:1  | Found a transporter.
 33596 | Swamp:1  | Noticed a tentacled monstrosity
 33700 | Swamp:1  | Identified the +4 broad axe of the Shark {vorpal, rF++
                  | Will+ Dex-4 SInv}
 33877 | Swamp:1  | Noticed a tentacled monstrosity
 33878 | Swamp:1  | Found a transporter.
 33881 | Swamp:1  | Noticed a thorn hunter
 34184 | Swamp:2  | Reached XP level 16. HP: 133/133 MP: 24/24
 34249 | Swamp:2  | Found the +9 scales of the Dragon King {rPois rF+ rC+
                  | Will+}
 34467 | Swamp:2  | Identified the ring "Ceosih" {+Blink rPois Int+4 Dex+6}
 34576 | Swamp:2  | Reached skill level 5 in Evocations
 35293 | Swamp:2  | Reached skill level 10 in Dodging
 35704 | Swamp:3  | Identified the +8 rapier of Compound Interest {elec, Dex+2}
                  | (Okawaru gifted it to you on level 3 of the Swamp)
 35704 | Swamp:3  | Received a gift from Okawaru
 35835 | Swamp:3  | Found a shimmering altar of Xom.
 35984 | Swamp:3  | Paralysed by a hornet for 2 turns
 36165 | Swamp:3  | Noticed Mlioglotl
 36166 | Arena    | Entered the Arena
 36174 | Arena    | Killed Mlioglotl
 36459 | Swamp:4  | Entered Level 4 of the Swamp
 36643 | Swamp:4  | Received a gift from Okawaru
 36776 | Swamp:4  | Reached skill level 10 in Shields
 37136 | Swamp:4  | Reached skill level 10 in Armour
 37686 | Swamp:4  | Got a decaying rune of Zot
 37826 | Snake:1  | Entered Level 1 of the Snake Pit
 38081 | Snake:1  | Noticed Frances
 38117 | Lair:2   | Killed Frances
 38377 | Snake:1  | Noticed Nikola
 38396 | Snake:1  | Reached skill level 15 in Fighting
 38396 | Arena    | Entered the Arena
 38404 | Arena    | Killed Nikola
 38828 | Snake:1  | Found a runed translucent gate.
 38828 | Snake:1  | Found a runed translucent gate.
 38828 | Snake:1  | Found a runed translucent gate.
 39006 | Snake:1  | Gained mutation: You are surrounded by a strong repulsion
                  | field. (EV +4, RMsl) [demonic ancestry]
 39006 | Snake:1  | Reached XP level 17. HP: 141/142 MP: 25/27
 39227 | Snake:1  | Noticed Louise
 39232 | Arena    | Entered the Arena
 39240 | Arena    | Killed Louise
 39271 | Snake:1  | Got the Precepts of Wanderlust and Attacks
 39821 | Snake:2  | Found a transporter.
 39823 | Snake:2  | Identified the +8 falchion "Mutwem" {vorpal, rCorr}
                  | (Okawaru gifted it to you on level 2 of the Snake Pit)
 39823 | Snake:2  | Received a gift from Okawaru
 39824 | Snake:2  | Found a transporter.
 40480 | Snake:2  | Found a transporter.
 40851 | Snake:2  | Found a transporter.
 41052 | Snake:2  | Found a transporter.
 41053 | Snake:2  | Found a transporter.
 41501 | Snake:3  | Received a gift from Okawaru
 42518 | Snake:3  | Found Nush's Book Boutique.
 42518 | Snake:3  | Found Idixof's Weapon Shop.
 42538 | Snake:3  | Bought a manual of Armour for 1280 gold pieces
 42993 | Snake:3  | Found Poofenwu's Book Boutique.
 43219 | Snake:4  | Entered Level 4 of the Snake Pit
 43219 | Snake:4  | Noticed Aizul
 43278 | Arena    | Entered the Arena
 43292 | Arena    | Killed Aizul
 44829 | Snake:4  | Identified the +3 double sword "Ilotwida" {flame, rPois
                  | Will+} (Okawaru gifted it to you on level 4 of the Snake
                  | Pit)
 44829 | Snake:4  | Received a gift from Okawaru
 44830 | Snake:4  | Reached XP level 18. HP: 146/151 MP: 28/28
 45467 | Snake:4  | Mangled by a naga warrior

Illustrated notes

Levels and vault maps discovered:
D:1:      lemuel_arrival_hallway, layout_basic
D:2:      minmay_evil_eye, layout_basic, shapermc_ecumenical_altar_petra,
          serial_shops, shop_fountains
D:3:      layout_basic, serial_glass, glass_columns_b, glass_columns_c,
          glass_columns_a, glass_columns_b, kennysheep_cluttered_room,
          moated_statue, minivault_14
D:4:      layout_basic
D:5:      nicolae_cairo_tiling_very_big, layout_gridville, serial_shops, shop,
          chequers_serial_rivers_room_b
D:6:      layout_basic, cheibrodos_worm_habitat
D:7:      layout_loops_ring, minmay_temple_entry_ruins, serial_bayou,
          serial_bayou_lake_a, serial_bayou_pond_c, serial_bayou_pond_d,
          serial_bayou_ford_a, uniq_crazy_yiuf_cottage, uniq_pikel
D:8:      layout_loops_ring, uniq_gastronok
D:9:      layout_gridville, serial_shops, nicolae_diamond_shop
D:10:     layout_basic, orc_0_dummy, st_stairs_1, minmay_protected_statue
D:11:     layout_big_octagon, erik_lair_island, fedhas_bush_and_centaur_altar
D:12:     layout_roguey, serial_ice, serial_ice_h, serial_ice_a, serial_ice_f,
          serial_ice_o, serial_ice_c, portal_ice_cave_demonic_guard,
          serial_shops, nicolae_stop_n_shop_2, uniq_nergalle
D:13:     layout_loops_ring, lightli_vaults_fourway_checkpoint
D:14:     layout_loops_cross, corexii_corridor_pit, gammafunk_ghost_crypt,
          uniq_josephine
D:15:     grunt_enter_depths_magical_seal, layout_gridville,
          serial_bayou_shore_b
Temple:   compressed_dpeg_triangle_lava_temple
Lair:1:   layout_gridlike, uniq_amaemon, uniq_harold, uniq_sonja, uniq_erica
Lair:2:   layout_long_grid, minmay_snake_entry_six_corridors,
          gauntlet_entry_generic
Lair:3:   nzn_winding_woodlands_large [nzn_winding_woodlands_5x5_checkerboard,
          nzn_winding_woodlands_5x15_crooked, nzn_winding_woodlands_5x5_three,
          nzn_winding_woodlands_center_garden,
          nzn_winding_woodlands_15x15_thick_spiral,
          nzn_winding_woodlands_center_triple_pond,
          nzn_winding_woodlands_hourglass, nzn_winding_woodlands_5x15_longhouse,
          nzn_winding_woodlands_5x5_default], layout_regular_city,
          minmay_swamp_entry_worms, lemuel_fruit_fields
Lair:4:   layout_regular_city, slime_entry_1, cheibrodos_lair_lostbears,
          serial_bayou_shore_b
Lair:5:   hangedman_lair_in_review, layout_regular_city,
          nicolae_quartered_pool_medium
Swamp:1:  gammafunk_sealed_arena, layout_falls_marsh, hangedman_swamp_blocks,
          swamp_pool1, nicolae_swamp_orc_logging_accident, uniq_kirke
Swamp:2:  layout_basic_swamp, nicolae_swamp_well_well_well,
          nzn_swamp_stair_ambush
Swamp:3:  layout_basic_swamp, basic_altar, uniq_mlioglotl
Swamp:4:  swamp_fiery, layout_basic_swamp
Snake:1:  layout_gridlike, nicolae_snake_horde_hoard, grunt_megastairs_5,
          uniq_louise, uniq_frances, uniq_nikola
Snake:2:  layout_cave_shapes, serial_bayou_lagoon_a, serial_nicolae_subway,
          nicolae_sub_station_stone, nicolae_sub_station_crystal,
          nicolae_sub_station_metal
Snake:3:  layout_cave_town, serial_shops, shop_statue, minmay_shoptagon,
          serial_bayou_shore_b
Snake:4:  grunt_snake_rune_spirals, layout_onion, uniq_aizul
Orc:1:    layout_diamond_mine, serial_shops
Orc:2:    grunt_orc_community_town_hall, layout_diamond_mine,
          grunt_orc_community_big_house_1, grunt_orc_community_big_house_2,
          grunt_orc_community_house_1, grunt_orc_community_house_3,
          grunt_orc_community_house_3, grunt_orc_community_house_3,
          grunt_orc_community_house_3, serial_shops, nicolae_lakefront_shop

Skill      XL: |  1  2  3  4  5  6  7  8  9 10 11 12 13 14 15 16 17 18 |
---------------+-------------------------------------------------------+-----
Long Blades    | 2 3 4 5 7 9 12 13 15 16 | 16.7
Shields        | 3 4 5 6 7 8 9 10 11 | 11.6
Armour         | 3 4 5 6 7 8 9 10 11 12 | 12.2
Fighting       | 4 5 6 7 9 10 12 13 14 15 16 | 16.0
Invocations    | 7 10 11 13 14 | 14.0
Dodging        | 4 7 9 10 | 10.0
Evocations     | 2 4 7 9 |  9.4

Action                   |  1- 3 |  4- 6 |  7- 9 | 10-12 | 13-15 | 16-18 || total
-------------------------+-------+-------+-------+-------+-------+-------++-------
Melee: Long sword        |   118 |   141 |    41 |       |       |       ||   300
       Tailslap          |    10 |    26 |    34 |   116 |   257 |   255 ||   698
       Falchion          |       |       |   189 |   534 |    74 |       ||   797
       Double sword      |       |       |       |       |   450 |   102 ||   552
       Scimitar          |       |       |       |       |    36 |       ||    36
       Demon blade       |       |       |       |       |   734 |  1098 ||  1832
Invok: Heroism           |       |       |       |     3 |     1 |     5 ||     9
       Duel              |       |       |       |       |       |     4 ||     4
       Finesse           |       |       |       |       |       |     1 ||     1
Evoke: Wand              |       |       |       |     8 |       |       ||     8
  Use: Scroll            |       |     8 |     7 |     9 |    15 |     7 ||    46
       Potion            |       |       |     5 |     5 |     8 |     7 ||    25
 Stab: Invisible         |       |       |       |       |     4 |       ||     4
       Confused          |       |       |       |       |       |     1 ||     1
Armor: Scale mail        |    50 |    68 |    34 |       |       |       ||   152
       Chain mail        |       |       |    36 |       |   305 |       ||   341
       Plate armour      |       |       |    42 |   284 |    87 |       ||   413
       Ring mail         |       |       |       |       |    59 |       ||    59
       Gold dragon scale |       |       |       |       |       |   636 ||   636
Dodge: Dodged            |    41 |    56 |    58 |   140 |   568 |   620 ||  1483
       Repelled          |       |       |       |       |       |    42 ||    42
Block: Buckler           |    34 |    28 |    43 |   102 |   268 |   542 ||  1017
       Kite shield       |       |       |       |       |     2 |       ||     2
